 Dungeon Crawl Stone Soup version 0.27.1 (webtiles) character file.

Game seed: 219537335639505288

1208 ZARRMARR the Thaumaturge (level 8, 0/41 HPs)
             Began as a Deep Elf Earth Elementalist on Aug 31, 2021.
             Shot with an arrow by a centaur (9 damage)
             ... on level 6 of the Dungeon.
             The game lasted 00:35:28 (8458 turns).

ZARRMARR the Thaumaturge (DEEE)                     Turns: 8458, Time: 00:35:29

Health: 0/41       AC:  6    Str:  5    XL:     8   Next: 21%
Magic:  33/33      EV: 11    Int: 25    God:
Gold:   158        SH:  7    Dex: 17    Spells: 21/27 levels left

rFire    . . .     SeeInvis .   p - staff of earth
rCold    . . .     Faith    .   r - +0 kite shield "Xatuss" {Drain MP+9 Int+2 Dex+2}
rNeg     + . .     Spirit   .   b - +0 robe
rPois    .         Reflect  .   k - +2 helmet
rElec    .         Harm     .   z - +0 cloak
rCorr    .         Rampage  .   (no gloves)
Will     .....                  (no boots)
Stlth    ++........             (no amulet)
HPRegen  0.13/turn              n - ring of positive energy
MPRegen  0.23/turn              (no ring)

@: no status effects
A: no striking features
a: no special abilities


You were on level 6 of the Dungeon.
You visited 1 branch of the dungeon, and saw 6 of its levels.

You collected 222 gold pieces.
You spent 64 gold pieces at shops.

Inventory:

Missiles
 a - 83 arrows
 c - 108 stones
 g - 6 poisoned darts (quivered)
 q - 7 javelins
Armour
 b - a +0 robe (worn)
 k - a +2 helmet (worn)
 r - the +0 kite shield "Xatuss" (worn) {Drain MP+9 Int+2 Dex+2}
   (You found it on level 5 of the Dungeon)

   Int:       It affects your intelligence (+2).
   Dex:       It affects your dexterity (+2).
   MP:        It affects your magic capacity (+9).
   Drain:     It drains your maximum health when unequipped.
 z - a +0 cloak (worn)
Magical Staves
 i - a staff of conjuration
 p - a staff of earth (weapon)
Jewellery
 n - a ring of positive energy (left hand)
Wands
 y - a wand of iceblast (4)
Scrolls
 h - a scroll of teleportation
 m - 2 scrolls of amnesia
 s - a scroll of fog
 u - a scroll of magic mapping
 A - a scroll of summoning {unknown}
Potions
 d - 4 potions of curing
 e - 4 potions of heal wounds
 f - 2 potions of invisibility
 j - a potion of magic
 l - a potion of ambrosia
 o - a potion of berserk rage
 t - 2 potions of attraction
 v - a potion of lignification
 w - a potion of mutation
 x - a potion of might {unknown}


   Skills:
 * Level 4.7 Dodging
 - Level 2.4 Stealth
 * Level 0.9 Shields
 + Level 10.3 Spellcasting
 * Level 4.2 Hexes
 - Level 1.1 Transmutations
 - Level 3.2 Earth Magic
 * Level 3.5 Invocations


You had 21 spell levels left.
You knew the following spells:

 Your Spells              Type           Power      Damage    Failure   Level
a - Sandblast             Erth           88%        2d18      8%          1
b - Stone Arrow           Conj/Erth      62%        3d10      41%         3
c - Passwall              Tmut/Erth      29%        N/A       19%         2

Your spell library contained the following spells:

 Spells                   Type           Power      Damage    Failure   Level
 Inner Flame              Hex/Fire       23%        N/A       36%         3
 Cause Fear               Hex            17%        N/A       45%         4
 Petrify                  Tmut/Erth      35%        N/A       75%         4
 Animate Dead             Necr           6%         N/A       96%         4
 Haunt                    Necr/Summ      6%         N/A       100%        7
 Discord                  Hex            17%        N/A       100%        8
 Infestation              Necr           6%         N/A       100%        8


Dungeon Overview and Level Annotations

Branches:
Dungeon (6/15)
 Temple: D:4-7

Altars:
Dithmenos
Hepliaklqana

Shops:
D:5 *

Annotations:
D:3 Grinder


Message History

Aiming: Sandblast (safe; 9% risk of failure)
Press: ? - help, Shift-Dir - straight line, f/p - water moccasin
Aim: a water moccasin (almost dead, 72% to hit)
You feel a surge of power!
The blast of sand hits the water moccasin!
You kill the water moccasin!
c - 108 stones You start resting.
Magic restored.
You start resting.
HP restored.
a - 83 arrows (gained 12);
A - a scroll labelled FOKHLO UFRUMUEPS
Things that are here:
a +0 shortbow; a centaur corpse Unknown command.
Okay, then.
Unknown command.
Found a robe.
You open the door.
There is an open door here.
Found a stone staircase leading up.
There is an open door here.
The centaur wields a +0 shortbow.
The centaur shoots an arrow.
The arrow hits you.
The centaur shouts!
The centaur shoots an arrow.
The arrow barely misses you.
Casting: Sandblast (safe; 8% risk of failure)
Confirm with . or Enter, or press ? or * to list all spells.
The spell is quite dangerous to cast (41% risk of failure)!
Continue anyway?
Okay, then.
The centaur shoots an arrow.
The arrow hits you!
The centaur shoots an arrow.
You block the arrow.
The centaur shoots an arrow.
You block the arrow.
The centaur shoots an arrow.
You block the arrow.
The centaur shoots an arrow.
The arrow hits you!
The centaur shoots an arrow.
You block the arrow.
The centaur shoots an arrow.
The arrow hits you!
* * * LOW HITPOINT WARNING * * *
The centaur shoots an arrow.
The arrow hits you!
You die...

≈≈≈...≈≈≈≈≈...#.[..#
≈≈≈≈≈≈≈≈≈≈≈≈...#....#
≈≈≈≈≈c≈≈≈≈≈≈...#....#
≈≈≈≈≈≈≈≈≈≈≈≈...#....#
≈≈≈≈≈c≈≈≈≈≈.####...#
≈≈≈≈≈≈≈≈≈≈≈.####...#
#...............#
#....#..........#
#@...#..........#
#....#..........#
+....#..........#
#.######'###'####
######...###....#
#.[......†....#
#.........)...#
#.............#
#.............#


You could see 2 centaurs.

Vanquished Creatures
  2 water moccasins
  A black bear (D:4)
  A phantom (D:5)
  2 centaurs (D:6)
  A kobold brigand (D:4)
  A scorpion (D:4)
  2 water moccasin skeletons
  2 howler monkeys
  A hound (D:4)
  A jelly (D:5)
  3 iguanas
  6 gnolls
  6 adders
  An ufetubus (D:5)
  2 adder skeletons
  3 worms
  14 dart slugs
  4 orcs
  7 endoplasms
  4 giant cockroaches
  8 goblins
  5 hobgoblins
  3 jackals (D:5)
  A quokka (D:2)
  3 ball pythons
  5 bats
  2 frilled lizards
  9 kobolds
  4 rats
  A spectral kobold (D:4)
105 creatures vanquished.

Notes
Turn   | Place    | Note
-------+----------+-------------------------------------------
     0 | D:1      | ZARRMARR the Deep Elf Earth Elementalist began the quest
                  | for the Orb.
     0 | D:1      | Reached XP level 1. HP: 10/10 MP: 6/6
   295 | D:1      | Reached skill level 4 in Spellcasting
   295 | D:1      | Reached XP level 2. HP: 15/15 MP: 5/9
  1020 | D:1      | Learned a level 2 spell: Passwall
  1167 | D:2      | Reached skill level 5 in Spellcasting
  1167 | D:2      | Reached XP level 3. HP: 19/19 MP: 8/11
  1181 | D:2      | Learned a level 3 spell: Stone Arrow
  1644 | D:2      | Reached XP level 4. HP: 24/24 MP: 9/13
  1826 | D:2      | Reached skill level 6 in Spellcasting
  2062 | D:2      | Reached skill level 1 in Invocations
  2297 | D:3      | Reached skill level 1 in Hexes
  2651 | D:3      | Reached XP level 5. HP: 28/28 MP: 12/15
  2842 | D:3      | Found a faded altar of an unknown god.
  2940 | D:3      | Noticed Grinder
  3195 | D:4      | Found a hazy altar of Hepliaklqana.
  3572 | D:4      | Reached skill level 7 in Spellcasting
  3617 | D:4      | Noticed a black bear
  3745 | D:4      | Reached XP level 6. HP: 32/32 MP: 14/18
  3870 | D:4      | Found a shadowy altar of Dithmenos.
  4306 | D:4      | Reached skill level 8 in Spellcasting
  4574 | D:4      | Found a hazy altar of Hepliaklqana.
  4729 | D:4      | Found a shadowy altar of Dithmenos.
  5010 | D:5      | Entered Level 5 of the Dungeon
  5016 | D:5      | Reached XP level 7. HP: 36/36 MP: 16/20
  5271 | D:5      | Reached skill level 9 in Spellcasting
  5299 | D:5      | Identified the +0 kite shield "Xatuss" {Drain MP+9 Int+2
                  | Dex+2}
  5430 | D:5      | Found Zabbarch's Assorted Antiques.
  5740 | D:5      | Bought a scroll labelled VOLOFE GINUCH for 17 gold pieces
  5740 | D:5      | Bought a scroll labelled NEAFOE CUIR for 17 gold pieces
  5740 | D:5      | Bought an orange potion for 15 gold pieces
  5740 | D:5      | Bought a viscous grey potion for 15 gold pieces
  8144 | D:6      | Reached XP level 8. HP: 34/41 MP: 23/23
  8298 | D:6      | Reached skill level 10 in Spellcasting
  8458 | D:6      | Shot with an arrow by a centaur

Illustrated notes

Levels and vault maps discovered:
D:1:      lightli_arrival_farm, layout_loops_ring
D:2:      layout_basic, minmay_pentomino_x2
D:3:      kennysheep_slugbush, layout_basic,
          hellmonk_ecumenical_altar_heavens_door, uniq_grinder
D:4:      layout_basic, nicolae_hepliaklqana_monster_ancestors,
          mainiacjoe_overflow_alcove_2
D:5:      layout_layer_cave, serial_shops, nicolae_inconvenience_store
D:6:      nicolae_whirlpool, layout_gridville, zin_angel,
          lemuel_zombie_altar_kikubaaqudgha, minmay_temple_entry_from_below_a,
          uniq_edmund

Skill      XL: |  1  2  3  4  5  6  7  8 |
---------------+-------------------------+-----
Spellcasting   | 4 5 6 7 8 9 10 | 10.3
Invocations    | 1 2 3 |  3.5
Hexes          | 1 2 3 4 |  4.2
Dodging        | 3 4 |  4.7
Stealth        | |  2.4
Shields        | |  0.9
Transmutations | |  1.1
Earth Magic    | |  3.2

Action                   |  1- 3 |  4- 6 |  7- 9 || total
-------------------------+-------+-------+-------++-------
Throw: Dart              |       |    15 |    18 ||    33
       Javelin           |       |       |     4 ||     4
       Stone             |       |       |     1 ||     1
 Cast: Sandblast         |    40 |    50 |    31 ||   121
       Stone Arrow       |     2 |    23 |    12 ||    37
  Use: Scroll            |     5 |     4 |     8 ||    17
       Potion            |       |     2 |       ||     2
Armor: Robe              |       |     6 |     5 ||    11
Dodge: Dodged            |     4 |    12 |    18 ||    34
Block: Kite shield       |       |       |     6 ||     6
